 Dungeon Crawl Stone Soup version 0.19.1 (webtiles) character file.

554 Host24 the Fighter (level 7, -6/50 HPs)
             Began as a Kobold Hunter on Jan 26, 2017.
             Mangled by a wyvern skeleton (9 damage)
             ... on level 4 of the Dungeon.
             The game lasted 00:06:21 (3513 turns).

Host24 the Fighter (Kobold Hunter)                  Turns: 3513, Time: 00:06:22

Health: -6/50      AC:  1    Str: 10    XL:     7   Next: 55%
Magic:  7/7        EV: 14    Int: 12    God:
Gold:   240        SH:  0    Dex: 15    Spells: 0 memorised, 6 levels left

rFire  . . .     SeeInvis .     a - +1 hand crossbow
rCold  . . .     Gourm    .     c - +0 leather armour
rNeg   . . .     Faith    .     (shield restricted)
rPois  .         Spirit   .     (no helmet)
rElec  .         Reflect  .     (no cloak)
rCorr  .         Harm     .     (no gloves)
MR     .....                    (no boots)
Stlth  ++........               (no amulet)
                                (no ring)
                                (no ring)

@: no status effects
A: claws 1, carnivore 3, clumsy 1, deformed body
a: no special abilities


You were on level 4 of the Dungeon.
You were very full.

You visited 1 branch of the dungeon, and saw 4 of its levels.

You collected 240 gold pieces.

Inventory:

Hand Weapons
 a - a +1 hand crossbow (weapon)
 b - a +0 short sword
 o - a +1 vampiric dagger
 w - a +0 falchion of slicing
Missiles
 d - 44 bolts (quivered)
 g - 109 stones
 l - 63 sling bullets
 z - 21 poisoned needles
Armour
 c - a +0 leather armour (worn)
Jewellery
 i - a +4 ring of strength {unknown}
 q - an uncursed amulet of faith {unknown}
Scrolls
 e - a scroll of fog {unknown}
 h - 3 scrolls of identify {unknown}
 r - a scroll of fear {unknown}
 s - a scroll of teleportation {unknown}
 u - a scroll of immolation {unknown}
 y - a scroll of amnesia {unknown}
Potions
 n - a potion of haste
 x - a potion of lignification
Comestibles
 f - 2 meat rations
 j - a beef jerky
 p - 2 slices of pizza


   Skills:
 + Level 8.6 Fighting
 - Level 4.8 Crossbows
 - Level 2.4 Dodging
 - Level 1.3 Stealth


You had 6 spell levels left.
You didn't know any spells.

Dungeon Overview and Level Annotations

Branches:
Dungeon (4/15)
 Temple: D:4-7

Altars:
Kikubaaqudgha


Innate Abilities, Weirdness & Mutations

You are small and have problems with some larger weapons.
You are carnivorous and can eat meat at any time.
You have sharp fingernails.
You are clumsy. (Dex -2)
Armour fits poorly on your strangely shaped body.


Message History

You hit the wyvern skeleton.
The wyvern skeleton is lightly damaged.
The wyvern skeleton barely misses you. The wyvern skeleton closely misses you.
You hit the wyvern skeleton.
The wyvern skeleton is moderately damaged.
The wyvern skeleton closely misses you.
You hit the wyvern skeleton.
The wyvern skeleton is heavily damaged.
The wyvern skeleton bites you!
You hit the wyvern skeleton.
The wyvern skeleton is heavily damaged.
The wyvern skeleton bites you! The wyvern skeleton closely misses you.
You hit the wyvern skeleton.
The wyvern skeleton is heavily damaged.
The wyvern skeleton bites you!
* * * LOW HITPOINT WARNING * * *
Wield which item (- for none, * to show all)? (? for menu, Esc to quit)
a - a +1 hand crossbow (weapon)
The wyvern skeleton bites you!
You die...

###....##
####.# #.# #.#
######.#
##.##...###
#.....##..##
#....####..####
##..<.# ##@...#
#....## #.Z...#
##..## ......#
##.# ........#
### ..........#
#....(...#..
.........# #
..........#


You could see a wyvern skeleton.

Vanquished Creatures
  Grinder (D:3)
  Sigmund (D:2)
  An ogre (D:3)
  4 adders
  A worm (D:2)
  3 dart slugs
  6 leopard geckos
  2 orcs (D:3)
  2 giant cockroaches
  7 goblins
  7 hobgoblins
  5 kobolds
  A quokka (D:3)
  8 bats
  2 frilled lizards
  9 rats
60 creatures vanquished.

Notes
Turn   | Place    | Note
-------+----------+-------------------------------------------
     0 | D:1      | Host24 the Kobold Hunter began the quest for the Orb.
     0 | D:1      | Reached XP level 1. HP: 12/12 MP: 1/1
    68 | D:1      | Reached XP level 2. HP: 5/18 MP: 2/2
   304 | D:1      | Reached skill level 3 in Fighting
  1159 | D:1      | Reached XP level 3. HP: 23/23 MP: 3/3
  1383 | D:2      | Noticed Sigmund
  1396 | D:2      | Killed Sigmund
  1396 | D:2      | Reached skill level 6 in Fighting
  1396 | D:2      | Reached XP level 4. HP: 32/32 MP: 4/4
  1396 | D:2      | Reached XP level 5. HP: 36/36 MP: 5/5
  1396 | D:2      | Reached XP level 6. HP: 41/41 MP: 6/6
  2414 | D:3      | Found an ancient bone altar of Kikubaaqudgha.
  2498 | D:3      | Noticed Grinder
  2505 | D:3      | Paralysed by Grinder for 2 turns
  2511 | D:3      | Paralysed by Grinder for 2 turns
  2538 | D:3      | Paralysed by Grinder for 5 turns
  2600 | D:3      | Paralysed by Grinder for 7 turns
  2626 | D:3      | Gained mutation: Armour fits poorly on your strangely shaped body. [potion of mutation]
  2626 | D:3      | Gained mutation: You have sharp fingernails. [potion of mutation]
  2626 | D:3      | Gained mutation: You are clumsy. (Dex -2) [potion of mutation]
  2634 | D:3      | Paralysed by Grinder for 4 turns
  2646 | D:3      | Killed Grinder
  2646 | D:3      | Reached skill level 8 in Fighting
  2646 | D:3      | Reached XP level 7. HP: 21/49 MP: 7/7
  3513 | D:4      | Mangled by a wyvern skeleton

Skill      XL: |  1  2  3  4  5  6 |
---------------+-------------------+-----
Fighting       | 3 6 8 |  8.6
Crossbows      | |  4.8
Dodging        | |  2.4
Stealth        | |  1.3

Action                   |  1- 3 |  4- 6 |  7- 9 || total
-------------------------+-------+-------+-------++-------
Melee: Short sword       |    89 |    99 |    25 ||   213
 Fire: Hand crossbow     |    11 |    29 |    16 ||    56
  Use: Potion            |       |     8 |       ||     8
 Stab: Sleeping          |     2 |     1 |       ||     3
  Eat: Chunk             |    10 |     3 |     3 ||    16
Armor: Leather armour    |    28 |    25 |     4 ||    57
       Skin              |       |     8 |       ||     8
Dodge: Dodged            |    93 |   126 |    34 ||   253
